 Dungeon Crawl Stone Soup version 0.29-a0-810-g3812dd5c9c (webtiles) character file.

Game seed: 14720853577939616254

55 Lekart the Trooper (level 3, 0/33 HPs)
             Began as a Draconian Fighter on July 4, 2022.
             Was an Initiate of Ashenzari.
             Killed from afar by an orc wizard (10 damage)
             ... with a magic dart
             ... on level 3 of the Dungeon.
             The game lasted 00:02:55 (2925 turns).

Lekart the Trooper (Draconian Fighter)              Turns: 2925, Time: 00:02:56

Health: 0/33       AC:  5    Str: 20    XL:     3   Next: 67%
Magic:  3/3        EV: 12    Int:  8    God:    Ashenzari [......]
Gold:   221        SH:  4    Dex: 10    Spells: 2/2 levels left

rFire   . . .      SeeInvis .   a - +0 war axe
rCold   + . .      Faith    .   b - +0 buckler
rNeg    . . .      Spirit   .   (body armour unavailable)
rPois   .          Reflect  .   (helmet restricted)
rElec   .          Harm     .   (no cloak)
rCorr   .          Rampage  .   (no gloves)
Will    .....                   (no boots)
Stlth   +.........              (no amulet)
HPRegen 0.11/turn               e - ring of protection from cold
MPRegen 0.08/turn               (no ring)

@: no status effects
A: AC +5, unfitting armour, cold-blooded
a: Renounce Religion, Curse Item


You were on level 3 of the Dungeon.
You worshipped Ashenzari.
Ashenzari was noncommittal.
You visited 1 branch of the dungeon, and saw 3 of its levels.

You collected 221 gold pieces.

Inventory:

Hand Weapons
 a - a +0 war axe (weapon)
Missiles
 l - 3 poisoned darts (quivered)
Armour
 b - a +0 buckler (worn)
Jewellery
 e - a ring of protection from cold (left hand)
 k - a ring of fire
Wands
 m - a wand of mindburst (7)
Scrolls
 g - 2 scrolls of identify
 n - a scroll of fog {unknown}
Potions
 c - a potion of might
 d - a potion of magic
 f - a potion of mutation {unknown}
 h - a potion of curing
 j - a potion of invisibility


   Skills:
 + Level 3.7 Fighting
 + Level 2.9 Axes
 + Level 3.1 Dodging
 + Level 3.4 Shields


You had 2 spell levels left.
You didn't know any spells.
Your spell library was empty.

Dungeon Overview and Level Annotations

Branches:
Dungeon (3/15)

Altars:
Ashenzari


Innate Abilities, Weirdness & Mutations

Your plain brown scales are hard. (AC +5)
You cannot fit into any form of body armour.
You are cold-blooded and may be slowed by cold attacks.


Message History

You feel much better.
The kobold hits you with a +0 short sword.
Something hits you. Something hits you but does no damage.
You feel less confused. The kobold closely misses you.
You see here a +1 dagger of protection.
You barely miss the kobold. You tail-slap the kobold.
You kill the kobold!
You miss something. Something hits you but does no damage.
Something hits you but does no damage.
Things that are here:
a +0 short sword; 3 stones; a kobold corpse You miss something.
You hear some strange, mumbled words.
A puff of flame appears from out of thin air!
The puff of flame hits you! Something hits you but does no damage.
You miss something. You tail-slap something.
Something hits you but does no damage.
You barely miss something. Something hits you but does no damage.
You hit something. Something hits you.
You hear some strange, mumbled words.
You are confused.
You hear some strange, mumbled words.
A magic dart appears from out of thin air!
The magic dart hits you.
You barely miss something.
Your tail-slap misses something.
Something hits you.
You barely miss something. Something hits you.
You miss something.
Your tail-slap misses something.
An orc wizard appears from thin air!
Reactivating autopickup.
The orc wizard completely misses you.
The orc wizard points at you and mumbles some strange words.
You resist with significant effort.
You hit the orc wizard.
The orc wizard is severely wounded.
You feel less confused. The orc wizard casts a spell at you.
The magic dart hits you!
You die...

........#?. ..##
........#.# ...8 ..##
........#.# .8.. ..)
..........#..... ...
...........#.8... ....
................. ....
..#.. #........8.. ..#
..#..##).o.......8 ...
......?)@)).#...........#
.........................
.##..##..#..####.#......#
.....)...........#.......
.........................
.........................
.........................
.........#######.#.##.#.#
.........................


You could see an orc wizard.

Vanquished Creatures
  An adder (D:3)
  A dart slug (D:1)
  2 orcs (D:3)
  4 ball pythons
  3 endoplasms
  4 giant cockroaches (D:1)
  4 goblins
  5 hobgoblins
  5 kobolds
  2 quokkas (D:1)
  A bat (D:3)
  3 frilled lizards
  2 rats (D:1)
37 creatures vanquished.

Notes
Turn   | Place    | Note
-------+----------+-------------------------------------------
     0 | D:1      | Lekart the Draconian Fighter began the quest for the Orb.
     0 | D:1      | Reached XP level 1. HP: 19/19 MP: 1/1
   437 | D:1      | Reached XP level 2. HP: 20/26 MP: 2/2
  1834 | D:2      | Reached XP level 3. HP: 31/31 MP: 3/3
  2034 | D:2      | Found a faded altar of an unknown god.
  2059 | D:2      | Prayed at the altar of an unknown god.
  2059 | D:2      | Became a worshipper of Ashenzari the Shackled
  2925 | D:3      | Killed from afar by an orc wizard

Illustrated notes

Levels and vault maps discovered:
D:1:      dpeg_arrival_water_temple_mockup, layout_basic,
          chequers_serial_rivers_micro_b
D:2:      layout_loops_corners, hellmonk_ecumenical_altar_heavens_door
D:3:      layout_basic, nicolae_uskayaw_dance_hall, serial_shops, shop_statue,
          kennysheep_nub, dreamdust_wishing_well

Skill      XL: |  1  2 |
---------------+-------+-----
Dodging        | 3 |  3.1
Fighting       | |  3.7
Axes           | |  2.9
Shields        | |  3.4

Action                   || total
-------------------------++-------
Melee: War axe           ||   124
       Tailslap          ||    13
  Use: Scroll            ||     6
       Potion            ||     2
 Stab: Sleeping          ||     3
Armor: Skin              ||    48
Dodge: Dodged            ||    74
Block: Buckler           ||    27

Table legend: (Time is in decaauts)
 A = Elapsed time spent in this place.
 B = Non-inter-level travel time spent in this place.
 C = Inter-level travel time spent in this place.
 D = Time resting spent in this place.
 E = Time spent auto-exploring this place.
 F = Levels seen in this place.
 G = Mean time per level.
                   A        B        C        D        E       F      G
               +--------+--------+--------+--------+--------+-----+--------+
         Total |   2975 |   2779 |    196 |      0 |   2421 |   3 |  991.7 |
       Dungeon |   2975 |   2779 |    196 |      0 |   2421 |   3 |  991.7 |
               +--------+--------+--------+--------+--------+-----+--------+

Top non-repeatable levels by time:
     D:1: 1381 daAuts
     D:2: 1096 daAuts
     D:3: 498 daAuts
